 Dungeon Crawl Stone Soup version 0.30.0-11-gf55b779eaf (webtiles) character file.

Game seed: 13401362172317904450

11 Firecrotchwizard the Chopper (level 2, -5/27 HPs)
             Began as a Hill Orc Monk on May 17, 2023.
             Killed from afar by Robin (11 damage)
             ... with a puff of flame
             ... on level 2 of the Dungeon.
             The game lasted 00:00:46 (376 turns).

Firecrotchwizard the Chopper (Hill Orc Monk)         Turns: 376, Time: 00:00:46

Health: -5/27      AC:  5    Str: 13    XL:     2   Next: 25%
Magic:  2/2        EV: 11    Int: 10    God:
Gold:   6          SH:  0    Dex: 13    Spells: 1/1 levels left

rFire   . . .        a - +0 hand axe
rCold   . . .        d - orb {light}
rNeg    . . .        f - +0 ring mail
rPois   .            (no helmet)
rElec   .            (no cloak)
rCorr   .            (no gloves)
SInv    .            (no boots)
Will    .....        (no amulet)
Stlth   +            (no ring)
HPRegen 0.24/turn    (no ring)
MPRegen 0.08/turn

%: no passive effects
@: glowing
A: no striking features
a: no special abilities


You were on level 2 of the Dungeon.
You visited 1 branch of the dungeon, and saw 2 of its levels.

You collected 6 gold pieces.

Inventory:

Hand Weapons
 a - a +0 hand axe (weapon)
Armour
 b - a +0 robe
 d - an orb of light (worn)
 f - a +0 ring mail (worn)
Jewellery
 g - a ring of wizardry
Scrolls
 e - a scroll of identify {unknown}
Potions
 c - a potion of ambrosia
 h - a potion of curing {unknown}


   Skills:
 + Level 3.8 Fighting
 * Level 4.5 Axes
 + Level 0.7 Armour
 - Level 2.4 Dodging


You had one spell level left.
You didn't know any spells.
Your spell library was empty.

Dungeon Overview and Level Annotations

Branches:
Dungeon (2/15)

Altars:

Annotations:
D:2 Robin


Message History

The hobgoblin closely misses you.
A goblin comes into view. It is wielding a +0 club.
You barely miss the hobgoblin.
The hobgoblin is severely wounded.
The hobgoblin misses you.
You barely miss the hobgoblin.
The hobgoblin is severely wounded.
You hit the goblin but do no damage. The hobgoblin hits you.
The goblin misses you.
You hit the hobgoblin.
You kill the hobgoblin!
You hit the goblin but do no damage. The goblin hits you with a +0 club.
The goblin closely misses you. x2
You barely miss the goblin. x2; The goblin hits you but does no damage.
You barely miss the goblin. You hit the goblin. You barely miss the goblin.
The goblin misses you. x2; The goblin hits you but does no damage.
You hit the goblin.
The goblin is severely wounded.
You hit the goblin. x2
You kill the goblin!
The goblin hits you but does no damage. x2
You closely miss the goblin.
The goblin is severely wounded.
You barely miss the goblin. x2; The goblin hits you but does no damage.
The goblin hits you with a +0 club.
* * * LOW HITPOINT WARNING * * *
The goblin hits you but does no damage.
You hit the goblin.
You kill the goblin!
You closely miss the goblin. You completely miss the goblin.
The goblin hits you but does no damage. The goblin closely misses you.
You have reached level 2!
You hit the goblin.
The goblin is severely wounded.
You hit the goblin.
You kill the goblin!
The goblin hits you but does no damage.
You hit the goblin.
You kill the goblin!
You start resting.
HP restored.
Items here: )))).
A hobgoblin comes into view.
Found a lumpy pink potion.
The hobgoblin shouts!
You hear a shout! x3
A goblin comes into view. It is wielding a +0 dagger.
An endoplasm comes into view.
You start waiting.
A hobgoblin is nearby!
You slash the hobgoblin!
You kill the hobgoblin!
No target in view!
You start waiting.
Robin of the Strong Arm comes into view.
They are wielding a +0 mace and carrying a wand of flame (25).
You hit Robin.
Robin is lightly wounded.
Robin zaps a wand.
The puff of flame hits you!
You barely miss Robin.
Robin is lightly wounded.
Robin closely misses you.
You hit Robin.
Robin is lightly wounded.
Robin completely misses you.
Unknown command.
You barely miss Robin.
Robin is lightly wounded.
Robin zaps a wand.
The puff of flame hits you!
* * * LOW HITPOINT WARNING * * *
You barely miss Robin.
Robin is lightly wounded.
Robin drinks a potion.
Robin seems to speed up.
Robin barely misses you.
Unknown command.
You hit Robin.
Robin is moderately wounded.
Robin says, "My army is invincible!"
Robin closely misses you.
Unknown command.
You hit Robin.
Robin is severely wounded.
Robin hits you with a +0 mace.
* * * LOW HITPOINT WARNING * * *
Robin roars a battlecry!
You hear a shout!
You hit Robin but do no damage.
Robin is heavily wounded.
You hear a shout!
Robin completely misses you.
You hear a shout!
Unknown command.
You hit Robin.
Robin is severely wounded.
You hear a shout! x2
Robin says, "A pitiful Hill Orc like you will never find the ORB!"
Robin hits you with a +0 mace.
* * * LOW HITPOINT WARNING * * *
Robin zaps a wand.
The puff of flame hits you!
You die...

# ##.#...... #
###.####### # #.....##
# ###.#..#.## #
.....###.# #######
#.####..#.#.##
#.....#♣♣
.......##.#####........
..........# #.g.....#
g...g..#.## #.#@....#
..#.#..#.####.#.....#
....!........#######
..###J##.###### #. #.#
#. #.. .# ###


You could see Robin (fast).

Vanquished Creatures
  5 goblins (D:2)
  2 hobgoblins (D:2)
  2 kobolds
9 creatures vanquished.

Notes
Turn   | Place    | Note
-------+----------+-------------------------------------------
     0 | D:1      | Firecrotchwizard the Hill Orc Monk began the quest for the
                  | Orb.
     0 | D:1      | Reached XP level 1. HP: 19/19 MP: 1/1
   282 | D:2      | Reached XP level 2. HP: 14/27 MP: 2/2
   367 | D:2      | Noticed Robin
   376 | D:2      | Killed from afar by Robin

Illustrated notes

Levels and vault maps discovered:
D:1:      giann_wishing_wells, layout_rooms
D:2:      layout_loops_cross, serial_forest, infiniplex_forest_straight_2,
          infiniplex_forest_straight_5, infiniplex_forest_lined_room_2,
          infiniplex_forest_3_way, infiniplex_forest_straight_4,
          infiniplex_forest_clump_C, shapermc_ecumenical_altar_venn, uniq_robin

Action                     || total
---------------------------++-------
  Melee: Hand axe          ||    30
 Armour: Ring mail         ||    10
  Dodge: Dodged            ||    18
